 Dungeon Crawl Stone Soup version 0.19-a0-1097-g38e3b35 (webtiles) character file.

1376 epen the Gusty (level 8, 0/88 HPs)
             Began as a Black Draconian Air Elementalist on Aug 8, 2016.
             Was a Follower of Vehumet.
             Succumbed to a water moccasin's poison
             ... on level 6 of the Dungeon.
             The game lasted 00:19:38 (7004 turns).

epen the Gusty (Black Draconian Air Elementalist)   Turns: 7004, Time: 00:19:39

Health: 0/88       AC: 24    Str: 10 (11) XL:     8   Next: 39%
Magic:  1/14       EV:  2    Int: 16 (18) God:    Vehumet [*.....]
Gold:   345        SH:  0    Dex:  9 (11) Spells: 4 memorised, 6 levels left

rFire  . . .     SeeInvis .     H - +0 dagger
rCold  . . .     Gourm    .     (armour unavailable)
rNeg   + + +     Faith    .     (no shield)
rPois  +         Spirit   .     (helmet currently unavailable)
rElec  .         Dismiss  .     (cloak currently unavailable)
rCorr  .         Reflect  .     (gloves currently unavailable)
SustAt .         Harm     .     (boots currently unavailable)
MR     .....     NoTele   +     (no amulet)
Stlth  ++........               y - +3 ring of evasion
                                e - ring of flight (curse)

@: lethally poisoned (0 -> -11), tree-form, repel missiles
A: (breathe lightning), unfitting armour, low mp 1, screaming 1, (electricity
resistance), slow regeneration 1, (cold-blooded), AC +6
a: Renounce Religion


You were on level 6 of the Dungeon.
You worshipped Vehumet.
Vehumet was aware of your devotion.
You were hungry.
You were a tree.
You visited 2 branches of the dungeon, and saw 7 of its levels.

You collected 345 gold pieces.

Inventory:

Hand Weapons
 H - a +0 dagger (weapon)
Armour
 v - a +0 pair of gloves (melded)
Jewellery
 e - a cursed ring of flight (left branch)
 y - a +3 ring of evasion (right branch)
 I - an uncursed ring of resist corrosion {unknown}
Wands
 G - a wand of paralysis (8/24)
Scrolls
 f - a scroll of recharging {unknown}
 g - 7 scrolls of remove curse {unknown}
 h - 12 scrolls of identify {unknown}
 j - 2 scrolls of amnesia {unknown}
 k - a scroll of fear {unknown}
 o - a scroll of enchant weapon {unknown}
 s - a scroll of random uselessness {unknown}
 t - a scroll of magic mapping {unknown}
 u - 2 scrolls of enchant armour {unknown}
 E - 2 scrolls of summoning {unknown}
Potions
 d - 2 potions of mutation
 i - 2 potions of degeneration
 m - 2 potions of berserk rage {unknown}
 n - a potion of invisibility {unknown}
 p - 2 potions of curing {unknown}
 q - a potion of cancellation {unknown}
 w - 2 potions of agility {unknown}
 x - a potion of magic {unknown}
 z - 2 potions of lignification
 B - a potion of ambrosia {unknown}
 D - a potion of brilliance {unknown}
 J - 2 potions of might {unknown}
Books
 a - a book of Air

   Spells                             Type                      Level
   a - Shock                          Conjuration/Air              1
   b - Swiftness                      Charms/Air                   2
   c - Repel Missiles                 Charms/Air                   2
   d - Static Discharge               Conjuration/Air              3
   e - Lightning Bolt                 Conjuration/Air              5
 F - a book of Alchemy

   Spells                             Type                      Level
   a - Sublimation of Blood           Necromancy                   2
   b - Ignite Poison                  Fire/Transmutation/Poison    3
   c - Petrify                        Transmutation/Earth          4
   d - Alistair's Intoxication        Transmutation/Poison         5
   e - Irradiate                      Conjuration/Transmutation    5
Comestibles
 b - 7 bread rations
 c - 3 meat rations
 l - a beef jerky
 r - 5 fruits
 A - 2 royal jellies
 C - a slice of pizza


   Skills:
 + Level 1.5 Fighting
 + Level 3.6 Dodging
 - Level 1.7 Stealth
 * Level 5.3 Spellcasting
 * Level 5.4 Conjurations
 * Level 7.5 Air Magic


You had 6 spell levels left.
You knew the following spells:

 Your Spells              Type           Power        Failure   Level  Hunger
a - Shock                 Conj/Air       ####         1%          1    None
b - Repel Missiles        Chrm/Air       ###...       6%          2    #......
c - Static Discharge      Conj/Air       ####....     3%          3    ###....
d - Lightning Bolt        Conj/Air       ####......   34%         5    ######.


Dungeon Overview and Level Annotations

Branches:
Dungeon (6/15)             Temple (1/1) D:5

Altars:
Ashenzari
Cheibriados
Elyvilon
Gozag
Nemelex Xobeh
Pakellas
Qazlal
Uskayaw
Vehumet


Innate Abilities, Weirdness & Mutations

((You can breathe wild blasts of lightning.))
((Your glossy black scales are hard. (AC +6)))
Your body does not fit into most forms of armour.
((You are resistant to electric shocks. (rElec)))
((You are cold-blooded and may be slowed by cold attacks.))
Your magical capacity is low. (-10% MP)
You occasionally shout uncontrollably at your foes.
You regenerate slowly when monsters are visible.


Message History

It was a potion of mutation.
You feel extremely strange.
You feel the urge to shout.
Your natural regeneration is weakened.
You feel less energetic.
* * * LOW HITPOINT WARNING * * *
You feel sick. The water moccasin bites you.
* * * LOW HITPOINT WARNING * * *
Unknown command.
Okay, then.
Okay, then.
It was a potion of degeneration.
There was something very wrong with that liquid.
You feel weakened.
You feel dopey.
You feel clumsy.
You are feeling hungry.
* * * LOW HITPOINT WARNING * * *
You feel sick. The water moccasin bites you!
* * * LOW HITPOINT WARNING * * *
It was a potion of lignification.
You turn into a tree.
Your +0 pair of gloves melds into your body.
Your roots penetrate the ground.
You die...

.# #...##..#.##..#.#.# .#
#.# #..#.###.#.#.# .####
.. #....# #.....# ....# #
##.### ##..###
###.####### #.# #...#
#.......# #.#### #.>.#
###...#.# #.(..# #...##
#.#...# ####.# #.....
#####.#.#.# #♣S.###..###
..........######+#†.†..##
......###.#............#
......# #.#...>).......#
......# #.#............#
......###.#............#
###.......#............#
#.#######............#
#<# #............#


You could see a water moccasin.

Vanquished Creatures
  Sigmund (D:6)
  A black bear (D:5)
  3 ogres
  A scorpion (D:4)
  A crimson imp (D:5)
  A centaur zombie (D:3)
  6 hounds
  An orc priest (D:3)
  A centaur skeleton (D:3)
  A giant frog skeleton (D:5)
  2 orc wizards
  4 iguanas
  3 worker ants
  A hound zombie (D:3)
  3 hound skeletons
  A howler monkey zombie (D:3)
  8 adders
  2 adder skeletons (D:3)
  An adder zombie (D:3)
  3 worms
  2 dart slugs
  6 giant geckos
  9 orcs
  A ball python (D:1)
  4 bats
  5 giant cockroaches
  7 goblins
  14 hobgoblins
  8 kobolds
  5 quokkas
  A ball python skeleton (D:3)
  A giant cockroach zombie (D:3)
  2 giant gecko skeletons (D:5)
  6 giant newts
  A jackal zombie (D:3)
  10 rats
127 creatures vanquished.

Notes
Turn   | Place    | Note
-------+----------+-------------------------------------------
     0 | D:1      | epen the Draconian Air Elementalist began the quest for the Orb.
     0 | D:1      | Reached XP level 1. HP: 14/14 MP: 3/3
   441 | D:1      | Reached XP level 2. HP: 15/20 MP: 0/5
   910 | D:1      | Learned a level 2 spell: Repel Missiles
  1245 | D:1      | Reached XP level 3. HP: 26/26 MP: 2/6
  1425 | D:1      | Learned a level 3 spell: Static Discharge
  1969 | D:2      | Reached XP level 4. HP: 29/33 MP: 1/7
  2075 | D:2      | Found a faded altar of an unknown god.
  2769 | D:3      | Reached skill level 4 in Air Magic
  3142 | D:3      | Reached XP level 5. HP: 28/38 MP: 1/9
  3463 | D:3      | Found a white marble altar of Elyvilon.
  3465 | D:3      | Found an oddly glowing altar of Pakellas.
  3465 | D:3      | Found a snail-covered altar of Cheibriados.
  3504 | D:3      | Reached XP level 6. HP: 32/45 MP: 0/11
  4781 | D:4      | Found a hide-covered altar of Uskayaw.
  5154 | D:5      | Entered Level 5 of the Dungeon
  5154 | D:5      | Found a staircase to the Ecumenical Temple.
  5166 | Temple   | Entered the Ecumenical Temple
  5185 | Temple   | Became a worshipper of Vehumet
  5234 | D:5      | Reached skill level 5 in Air Magic
  5234 | D:5      | Your scales start taking on a glossy black colour.
  5234 | D:5      | Reached skill level 6 in Air Magic
  5234 | D:5      | Reached XP level 7. HP: 35/50 MP: 5/13
  5234 | D:5      | Gained mutation: You are resistant to electric shocks. (rElec) [Black Draconian growth]
  5391 | D:5      | Learned a level 5 spell: Lightning Bolt
  6531 | D:6      | Reached skill level 5 in Conjurations
  6531 | D:6      | Reached XP level 8. HP: 47/58 MP: 2/15
  6537 | D:6      | Reached skill level 1 in Fighting
  6537 | D:6      | Reached skill level 5 in Spellcasting
  6537 | D:6      | Reached skill level 7 in Air Magic
  6608 | D:6      | Identified a -2 rod of inaccuracy (11/11) (You found it on level 6 of the Dungeon)
  6808 | D:6      | Noticed Sigmund
  6817 | D:6      | Killed Sigmund
  6961 | D:6      | Reached * piety under Vehumet
  6961 | D:6      | Offered knowledge of Magic Dart by Vehumet.
  7002 | D:6      | Gained mutation: You occasionally shout uncontrollably at your foes. [potion of mutation]
  7002 | D:6      | Gained mutation: You regenerate slowly when monsters are visible. [potion of mutation]
  7002 | D:6      | Gained mutation: Your magical capacity is low. (-10% MP) [potion of mutation]
  7003 | D:6      | HP: 1/59 [water moccasin (7)]
  7004 | D:6      | Succumbed to a water moccasin's poison

Vault maps used:
D:1:      dpeg_arrival_ratfight, kennysheep_small_spiral
D:2:      ecumenical_altar_2
D:3:      nicolae_overflow_hidden_temple, serial_undead, serial_undead_f,
          serial_undead_d, serial_undead_b, serial_undead_f, serial_undead_f,
          serial_undead_f
D:4:      nicolae_overflow_crystal_walls
D:5:      black_bear_nest_1, first_bread
D:6:      minmay_diamond_boxcup, uniq_sigmund
Temple:   regret_index_temple_sphere_string

Skill      XL: |  1  2  3  4  5  6  7  8 |
---------------+-------------------------+-----
Dodging        | 2 3 |  3.6
Conjurations   | 2 3 5 |  5.4
Air Magic      | 4 6 7 |  7.5
Spellcasting   | 3 4 5 |  5.3
Fighting       | 1 |  1.5
Stealth        | |  1.7

Action                   |  1- 3 |  4- 6 |  7- 9 || total
-------------------------+-------+-------+-------++-------
Melee: Unarmed           |    78 |   130 |    43 ||   251
       Tailslap          |     9 |    14 |     5 ||    28
       Dagger            |       |       |    20 ||    20
 Cast: Shock             |    57 |   107 |    54 ||   218
       Repel Missiles    |     1 |       |       ||     1
       Static Discharge  |       |    10 |    29 ||    39
 Abil: Breathe Lightning |       |       |     4 ||     4
  Use: Potion            |       |       |     3 ||     3
 Stab: Sleeping          |     2 |     1 |       ||     3
  Eat: Chunk             |     4 |     9 |     6 ||    19
       Meat ration       |       |     1 |       ||     1
Armor: Skin              |    39 |    64 |    24 ||   127
Dodge: Dodged            |    76 |   101 |   108 ||   285
       Deflected         |     2 |       |     2 ||     4
